 Dungeon Crawl Stone Soup version 0.30.1-1-g62c8e00024 (webtiles) character file.

Game seed: 207158200916179959

297 Pepete the Magician (level 6, -1/40 HPs)
             Began as a Djinni Fire Elementalist on July 14, 2023.
             Slain by a quokka (2 damage)
             ... on level 4 of the Dungeon.
             The game lasted 00:04:09 (4676 turns).

Pepete the Magician (Djinni Fire Elementalist)      Turns: 4676, Time: 00:04:10

Health: -1/40      AC:  2    Str:  7    XL:     6   Next: 62%
Gold:   181        EV: 12    Int: 19    God:
                   SH:  0    Dex: 13

rFire   + + .        q - staff of cold
rCold   . . .        (no shield)
rNeg    + . .        o - +0 robe
rPois   ∞            (no helmet)
rElec   .            (no cloak)
rCorr   .            (no gloves)
SInv    .            (boots unavailable)
Will    .....        (no amulet)
Stlth   ++           s - ring of positive energy
HPRegen 0.26/turn    (no ring)
MPRegen 0.00/turn

%: infuse magic (-2 HP)
@: brilliant, flying, very slightly contaminated
A: sickness immunity, fire resistance 2, cold vulnerability 1, float, innate
caster, HP casting, extra vitality 1
a: no special abilities


You were on level 4 of the Dungeon.
You visited 1 branch of the dungeon, and saw 5 of its levels.

You collected 181 gold pieces.

Inventory:

Armour
 o - a +0 robe (worn)
Magical Staves
 q - a staff of cold (weapon)
Jewellery
 s - a ring of positive energy (left hand)
Scrolls
 a - 2 scrolls of identify {unknown}
 g - a scroll of teleportation {unknown}
 i - 3 scrolls of fog
 k - a scroll of amnesia {unknown}
 l - a scroll of enchant armour {unknown}
 n - a scroll of blinking {unknown}
Potions
 c - a potion of degeneration {unknown}
 d - a potion of brilliance
 e - a potion of berserk rage {unknown}
 f - 2 potions of flight {unknown}
 h - a potion of lignification {unknown}
 j - a potion of attraction {unknown}
 m - a potion of heal wounds {unknown}
 p - a potion of magic {unknown}
 r - a potion of haste {unknown}


   Skills:
 - Level 2.1 Dodging
 - Level 1.5 Stealth
 * Level 5.3 Spellcasting


You knew the following spells:

 Your Spells              Type           Power      Damage    Failure   Level
a - Foxfire               Conj/Fire      100%       2x1d9     1%          1
b - Scorch                Fire           76%        2d8       1%          2
c - Volatile Blastmotes   Fire/Tloc      76%        2d16      4%          3
d - Inner Flame           Hex/Fire       38%        N/A       4%          3
e - Flame Wave            Conj/Fire      38%        2d10      13%         4
f - Beastly Appendage     Tmut           76%        N/A       1%          1
g - Ensorcelled Hibernat  Hex/Ice        100%       N/A       1%          2
Your spell library was empty.

Dungeon Overview and Level Annotations

Branches:
Dungeon (5/15)
 Temple: D:4-7

Altars:
Okawaru

Annotations:
D:1 1 transporter


Innate Abilities, Weirdness & Mutations

You are immune to sickness and miasma.
You are immune to poison.
Your flesh is very heat resistant. (rF++)
You are vulnerable to cold. (rC-)
You float through the air rather than walking.
You learn spells naturally, not from books.
Your magical power is your life essence.
You have superior vitality. (+4 MHP)


Message History

* * * LOW HITPOINT WARNING * * *
A quokka comes into view.
Unknown command.
Casting: Scorch (safe; 1% risk of failure)
Confirm with . or Enter, or press ? or * to list all spells.
Flames lash the jelly.
The jelly is moderately wounded.
The jelly's fire resistance burns away.
* * * LOW HITPOINT WARNING * * *
Unknown command.
Okay, then.
You feel better. The quokka bites you.
* * * LOW HITPOINT WARNING * * *
You feel better. The quokka closely misses you.
The jelly hits you but does no damage. The quokka bites you.
* * * LOW HITPOINT WARNING * * *
You feel better. The jelly misses you. The quokka misses you.
Okay, then.
Casting: Scorch (safe; 1% risk of failure)
Confirm with . or Enter, or press ? or * to list all spells.
You miscast Scorch.
You are very lightly contaminated with residual magic.
Nothing appears to happen.
The jelly closely misses you. The quokka bites you.
Unknown command.
Casting: Scorch (safe; 1% risk of failure)
Confirm with . or Enter, or press ? or * to list all spells.
Flames lash the quokka.
The quokka is almost dead.
The quokka's fire resistance burns away.
The jelly is no longer more vulnerable to fire.
The quokka bites you.
* * * LOW HITPOINT WARNING * * *
The jelly hits you.
* * * LOW HITPOINT WARNING * * *
You are splashed with acid!
* * * LOW HITPOINT WARNING * * *
It was a potion of brilliance.
You feel clever all of a sudden. The quokka bites you.
You die...

#... #...
#...#######
..=......#
....>...# (......#
####......#
#..r.[†...#
#)@#......#
#.J#......# .
....#>.....# ..
^?.#.)#......#...
#####).#......'...
..)#......#...
)).#......# ..
....#......#
+......#


You could see a jelly and a quokka (combustible).

Vanquished Creatures
  A phantom (D:5)
  A howler monkey (D:4)
  An iguana (D:5)
  Robin (D:4)
  6 adders
  2 dart slugs
  5 orcs
  11 ball pythons
  6 endoplasms
  4 giant cockroaches
  10 goblins
  9 hobgoblins
  2 quokkas
  10 bats
  4 frilled lizards
  9 kobolds
  2 rats
84 creatures vanquished.

Vanquished Creatures (others)
  432 foxfires
432 creatures vanquished.

Grand Total: 516 creatures vanquished

Notes
Turn   | Place    | Note
-------+----------+-------------------------------------------
     0 | D:1      | Pepete the Djinni Fire Elementalist began the quest for the
                  | Orb.
     0 | D:1      | Pepete set off with the following spells memorised:
                  | Foxfire, Scorch, Volatile Blastmotes, Inner Flame, Flame
                  | Wave.
     0 | D:1      | Reached XP level 1. HP: 15/15 MP: 0/0
   389 | D:1      | Reached XP level 2. HP: 19/21 MP: 0/0
   766 | D:1      | Reached skill level 3 in Spellcasting
  1526 | D:1      | Reached XP level 3. HP: 22/25 MP: 0/0
  1526 | D:1      | Learned a level 1 spell: Beastly Appendage
  2025 | D:2      | Reached XP level 4. HP: 24/31 MP: 0/0
  2900 | D:3      | Found an iron altar of Okawaru.
  3149 | D:3      | Reached skill level 4 in Spellcasting
  3366 | D:3      | You are sucked into a shaft and drop 2 floors!
  3366 | D:5      | Entered Level 5 of the Dungeon
  3375 | D:5      | Noticed a phantom
  3379 | D:5      | Killed a phantom
  3380 | D:5      | Reached XP level 5. HP: 23/35 MP: 0/0
  3380 | D:5      | Learned a level 2 spell: Ensorcelled Hibernation
  3445 | D:5      | Reached XP level 6. HP: 36/40 MP: 0/0
  4033 | D:4      | Reached skill level 5 in Spellcasting
  4657 | D:4      | Noticed Robin
  4667 | D:4      | Killed Robin
  4675 | D:4      | HP: 1/40 [acid (9)]
  4676 | D:4      | Slain by a quokka

Illustrated notes

Levels and vault maps discovered:
D:1:      spicycebolla_arrival_risky_transporter, layout_loops_corners
D:2:      layout_rooms
D:3:      layout_basic, mainiacjoe_overflow_boulevard
D:4:      layout_gridville, lemuel_round_altar, nemelex_spade_bored_becter,
          minmay_temple_entry_nine_rooms, uniq_edmund, uniq_crazy_yiuf_cottage,
          uniq_robin
D:5:      layout_layer_cave, serial_shops, nicolae_shop_trees, uniq_sigmund,
          uniq_ijyb

Skill      XL: |  1  2  3  4  5  6 |
---------------+-------------------+-----
Spellcasting   | 3 4 5 |  5.3
Dodging        | |  2.1
Stealth        | |  1.5

Action                     |  1- 3 |  4- 6 || total
---------------------------+-------+-------++-------
   Cast: Foxfire           |    85 |   176 ||   261
         Scorch            |    10 |    13 ||    23
    Use: Potion            |       |     5 ||     5
         Scroll            |       |     1 ||     1
 Armour: Robe              |     7 |     2 ||     9
  Dodge: Dodged            |    17 |    17 ||    34
